 Dungeon Crawl Stone Soup version 0.19.3-1-g3169bf9 (webtiles) character file.

290761 nono the Whirler (level 21, 0/137 HPs)
             Began as a Halfling Monk on Jan 26, 2017.
             Was the Champion of Okawaru.
             Killed by vampiric draining
             ... invoked by a vampire knight
              (17 damage)
             ... on level 2 of the Vaults.
             The game lasted 06:06:37 (51317 turns).

nono the Whirler (Halfling Monk)                   Turns: 51317, Time: 06:06:40

Health: 0/137      AC: 31    Str: 25    XL:     21   Next: 64%
Magic:  27/37      EV: 28    Int: 14    God:    Okawaru [******]
Gold:   346        SH: 13    Dex: 26    Spells: 8 memorised, 4 levels left

rFire  + . .     SeeInvis .     D - +9 fustibalus (freeze)
rCold  . . .     Gourm    .     v - +2 chain mail {MR+}
rNeg   . . .     Faith    .     X - +2 buckler
rPois  .         Spirit   .     w - +2 helmet "Jeleripo" {rC+ rCorr Dex+6}
rElec  .         Reflect  .     o - +2 cloak {+Inv}
rCorr  +         Harm     .     P - +2 pair of gloves {archery}
MR     ++...                    j - +1 pair of boots of the Farrier {Str+6 Int+6}
Stlth  ++++......               S - amulet of magic regeneration
                                F - ring of magical power
                                k - ring of fire

@: heroism, portal projectile, starving, regenerating, studying Stealth
A: mutation resistance 1
a: Heroism, Finesse, Renounce Religion, Evoke Invisibility
}: 2/15 runes: serpentine, barnacled


You were on level 2 of the Vaults.
You worshipped Okawaru.
Okawaru was exalted by your worship.
You were starving.

You visited 7 branches of the dungeon, and saw 35 of its levels.

You collected 3351 gold pieces.
You spent 3005 gold pieces at shops.

Inventory:

Hand Weapons
 a - the +11 spear of the Saviour {speed, rF- MR+ Dex+3}
   (You found it on level 9 of the Dungeon)

   Attacks with this weapon are significantly faster.
   It affects your dexterity (+3).
   It makes you vulnerable to fire.
   It affects your resistance to hostile enchantments.
 b - the +5 hunting sling of the Whelk {velocity, rElec Int+3 Stlth-}
   (Okawaru gifted it to you on level 6 of the Dungeon)

   Any stone fired from it inflicts extra damage.
   It affects your intelligence (+3).
   It insulates you from electricity.
   It makes you less stealthy.
 l - a +5 scimitar of flaming
 D - a +9 fustibalus of freezing (weapon)
Missiles
 x - 718 stones
 C - 270 sling bullets (quivered)
 U - 13 throwing nets
Armour
 d - +0 gold dragon scales
 j - the +1 pair of boots of the Farrier (worn) {Str+6 Int+6}
   (Okawaru gifted it to you on level 1 of the Lair of Beasts)

   It affects your strength (+6).
   It affects your intelligence (+6).
 o - a +2 cloak of invisibility (worn)
 r - the +0 ring mail of Least Resistance {rElec}
   (Okawaru gifted it to you on level 11 of the Dungeon)

   It insulates you from electricity.
 v - a +2 chain mail of magic resistance (worn)
 w - the +2 helmet "Jeleripo" (worn) {rC+ rCorr Dex+6}
   (You bought it in a shop on level 2 of the Orcish Mines)

   It affects your dexterity (+6).
   It protects you from cold.
   It protects you from acid and corrosion.
 N - the +4 skin of Zhor {rC+++}
   (You found it on level 6 of the Lair of Beasts)

   It renders you almost immune to cold.
 P - a +2 pair of gloves of archery (worn)
 X - a +2 buckler (worn)
Jewellery
 k - a ring of fire (left hand)
 q - an uncursed ring of flight
 s - an uncursed amulet of regeneration
 F - a ring of magical power (right hand)
 O - an uncursed ring of ice
 S - an amulet of magic regeneration (around neck)
 V - an uncursed ring of poison resistance
Wands
 n - a wand of disintegration (1/24)
 z - a wand of digging (10/24)
 A - a wand of lightning (10/15)
 M - a wand of hasting (4/9)
Scrolls
 t - 2 scrolls of fear
 u - 11 scrolls of identify
 y - 13 scrolls of remove curse
 G - 5 scrolls of teleportation
 H - a scroll of recharging
 I - a scroll of blinking
 J - 2 scrolls of enchant armour
 R - 3 scrolls of magic mapping
 W - 5 scrolls of enchant weapon
 Z - 6 scrolls of fog
Potions
 e - 9 potions of curing
 g - 5 potions of might
 m - 2 potions of brilliance
 p - 2 potions of ambrosia
 B - 3 potions of resistance
 K - 2 potions of flight
 L - 4 potions of invisibility
 Q - 3 potions of heal wounds
 T - 2 potions of agility
 Y - 4 potions of berserk rage
Books
 f - a manual of Stealth
Miscellaneous
 h - a phial of floods
Comestibles
 c - 24 bread rations
 i - 11 meat rations


   Skills:
 - Level 10.0(15.0) Fighting
 - Level 7.3(12.3) Long Blades
 - Level 1.5(6.5) Polearms
 - Level 20.1(25.1) Slings
 + Level 13.9(18.9) Armour
 + Level 12.3(17.3) Dodging
 - Level 10.7(15.7) Stealth
 + Level 11.6(16.6) Shields
 - Level 5.0 Spellcasting
 - Level 10.1 Hexes
 - Level 10.4 Charms
 - Level 5.6 Necromancy
 - Level 10.1 Translocations
 + Level 12.1 Air Magic
 - Level 8.7 Invocations


You had 4 spell levels left.
You knew the following spells:

 Your Spells              Type           Power        Failure   Level  Hunger
a - Song of Slaying       Chrm           ####....     1%          2    ##.....
b - Regeneration          Chrm/Necr      ####......   10%         3    ###....
c - Portal Projectile     Tloc           ####..       3%          3    ###....
d - Shroud of Golubria    Chrm/Tloc      ####......   1%          2    ##.....
e - Blink                 Tloc           N/A          1%          2    ##.....
f - Spectral Weapon       Hex/Chrm       ####....     2%          3    ###....
g - Silence               Hex/Air        ####......   21%         5    ######.
h - Deflect Missiles      Chrm/Air       #####.....   83%         6    #######


Dungeon Overview and Level Annotations

Branches:
Dungeon (15/15)            Temple (1/1) D:6            Lair (6/6) D:11
 Shoals (4/4) Lair:2        Snake (4/4) Lair:3        Slime (0/5) Lair:5
    Orc (2/2) D:9             Elf (0/3) Orc:2        Vaults (3/5) D:14
 Depths (0/5) D:15
  Crypt: Vaults:2-3

Altars:
Ashenzari
Cheibriados
Dithmenos
Elyvilon
Fedhas
Gozag
Hepliaklqana
Kikubaaqudgha
Makhleb
Nemelex Xobeh
Okawaru
Qazlal
Sif Muna
Trog
Uskayaw
Vehumet
Xom
Yredelemnul
The Shining One
Beogh

Shops:
D:12 *=:[   Orc:2 ([(:?   Shoals:2 *   Snake:3 :

Annotations:
D:4 1 runed door, exclusion: door
D:5 Menkaure
D:9 1 runed door, exclusion: door
Shoals:3 Ilsuiw
Shoals:4 exclusion: Roxanne, Roxanne
Snake:2 Asterion
Vaults:2 Mennas


Innate Abilities, Weirdness & Mutations

You are small and have problems with some larger weapons.
You are somewhat resistant to further mutation.


Message History

Something bites you but does no damage.
Casting: Portal Projectile
Confirm with . or Enter, or press ? or * to list all spells.
Your skin crawls.
You are starving!
Something misses you. You block something's attack.
You start eating one of the 11 meat rations.
Unholy energy fills the air.
Keep eating?
* * * LOW HITPOINT WARNING * * *
You continue eating.
Something hits you!!
* * * LOW HITPOINT WARNING * * *
Something bites you but does no damage. You block something's attack.
Something bites you.
* * * LOW HITPOINT WARNING * * *
Something draws strength from your injuries!
You continue eating.
Unholy energy fills the air.
You die...

#....#....#
#.........##).###.
#'#######'#
#.........##..##.#
#....#.)..#
#.........##....##
###'.#.##'#
#.........###..##
#..'.#.#..#
########### #...##
##.#.'.#.'#
#######'#.##
###########
########......(####
#......#.......#
#.@....#.......#
#.{[)..#...>...#
#...[.[#.......#
#....[.#.......#
#......'.......#
################


There were no monsters in sight!

Vanquished Creatures
  Bai Suzhen (Shoals:3)
  Jorgrun (Shoals:1)
  The ghost of Zargon the Devastator, an adept TeAE of Vehumet (Snake:4)
  Polyphemus (Shoals:4)
  Kirke (D:13)
  6 nagarajas (Snake:4)
  A fire giant (D:15)
  Aizul (Snake:3)
  Louise (Shoals:2)
  4 vault wardens (Vaults:1)
  11 ironheart preservers
  A ghoul (Vaults:3)
  5 stone giants
  3 deep elf demonologists (Vaults:2)
  5 merfolk javelineers
  2 crystal guardians
  2 ettins
  6 fire dragons
  4 yaktaur captains
  8 merfolk impalers
  2 great orbs of eyes
  9 ogre magi
  10 naga warriors
  An ice dragon (Vaults:2)
  4 hydras
  2 merfolk avatars
  3 catoblepae
  A rakshasa (Vaults:1)
  7 anacondas
  12 merfolk aquamancers
  7 centaur warriors
  2 death knights
  5 satyrs
  6 death yaks
  4 deep troll shamans
  2 deep troll earth magi
  13 naga sharpshooters
  Urug (D:12)
  The ghost of Alarkh the Cleaver, a novice DsMo of Okawaru (Lair:1)
  9 shock serpents
  4 deep elf knights (Vaults:2)
  A fire crab (shapeshifter) (Vaults:2)
  4 skeletal warriors
  2 unseen horrors (Vaults:1)
  12 deep trolls
  17 sea snakes
  5 naga ritualists
  6 ironbrand convokers
  8 hill giants
  4 deep elf archers
  2 lindwurms (Lair:6)
  A necromancer (Vaults:1)
  5 wizards
  A glowing orange brain (Vaults:1)
  7 orc knights
  32 harpies
  5 mana vipers
  28 ugly things
  5 deep elf magi
  4 wolf spiders
  A shining eye (shapeshifter) (D:15)
  A stone giant zombie (Vaults:1)
  11 orc sorcerers
  6 salamanders
  8 cyclopes
  5 centaur zombies
  9 manticores
  17 fauns
  9 elephants
  11 sirens
  Joseph (D:7)
  4 vault sentinels
  14 water nymphs
  2 guardian serpents
  15 naga magi
  37 black mambas
  13 spiny frogs
  Psyche (D:12)
  An efreet (D:15)
  2 komodo dragons
  20 yaktaurs
  A rime drake (Lair:1)
  2 human zombies (Vaults:1)
  8 freezing wraiths
  7 polar bears
  2 tengu conjurers (D:13)
  5 wind drakes
  4 trolls
  5 hornets
  12 two-headed ogres
  A meliai (shapeshifter) (Vaults:1)
  A wind drake (shapeshifter) (D:13)
  26 slime creatures
  21 blink frogs
  30 merfolk
  A harpy skeleton (D:15)
  10 hippogriffs
  A meliai zombie (D:14)
  6 dream sheep
  7 snapping turtles
  2 shadows (D:14)
  Sigmund (D:6)
  3 spriggans
  5 wraiths
  2 vampires (D:15)
  12 water elementals
  2 wyverns
  33 yaks
  A yak (shapeshifter) (Vaults:1)
  A hog (D:13)
  Grum (D:10)
  4 basilisks
  4 hungry ghosts
  A steam dragon (D:15)
  3 mottled dragons
  5 vampire mosquitoes (D:15)
  48 nagas
  3 wargs
  A soldier ant (D:12)
  Duvessa (D:7)
  2 hell hounds (D:11)
  An ogre skeleton (Vaults:1)
  9 porcupines
  14 water moccasins
  24 orc warriors
  4 ice beasts
  5 sky beasts
  2 black bears
  An eye of draining (D:9)
  21 wolves
  4 phantoms
  3 necrophages
  5 boggarts (Vaults:1)
  45 ogres
  15 centaurs
  6 crocodiles
  5 big kobolds
  20 bullfrogs
  3 gnoll sergeants
  Dowan (D:7)
  A wyvern skeleton (D:5)
  5 scorpions
  A hornet simulacrum (Vaults:1)
  2 troll zombies (D:9)
  5 killer bees (D:9)
  A vampire bat (D:3)
  16 wights
  5 howler monkeys
  An electric eel (Lair:5)
  2 crimson imps
  23 orc priests
  3 gnoll shamans
  4 hounds
  15 jellies
  49 orc wizards
  6 centaur skeletons
  2 bullfrog skeletons
  4 iguanas
  5 worker ants
  A killer bee zombie (D:8)
  6 ogre zombies (D:9)
  5 hound skeletons
  A mummy (D:7)
  A worker ant zombie (D:9)
  28 gnolls
  16 adders
  2 shadow imps
  3 oozes
  An adder zombie (D:5)
  3 adder skeletons
  5 worms
  5 dart slugs
  5 leopard geckos
  102 orcs
  6 bats
  3 bat skeletons (D:3)
  A bat zombie (D:3)
  6 giant cockroaches
  8 goblins
  8 hobgoblins
  15 jackals
  6 quokkas
  A ball python (D:3)
  3 frilled lizards
  2 goblin skeletons (D:9)
  4 goblin zombies (D:9)
  2 hobgoblin skeletons (D:9)
  2 hobgoblin zombies
  A jackal zombie (D:7)
  26 kobolds
  3 kobold zombies (D:7)
  A leopard gecko skeleton (D:4)
  2 orc skeletons (D:9)
  14 orc zombies (D:9)
  2 quokka skeletons
  A quokka zombie (D:7)
  10 rats
  4 fungi
  A plant (Lair:4)
1446 creatures vanquished.

Vanquished Creatures (others)
  2 humans (D:13)
  A water moccasin (Lair:6)
  A sky beast (D:14)
  3 ogres
  A centaur (D:13)
  14 fungi
  24 plants
46 creatures vanquished.

Grand Total: 1492 creatures vanquished

Notes
Turn   | Place    | Note
-------+----------+-------------------------------------------
     0 | D:1      | nono the Halfling Monk began the quest for the Orb.
     0 | D:1      | Reached XP level 1. HP: 15/15 MP: 1/1
    45 | D:1      | Reached XP level 2. HP: 20/20 MP: 2/2
   544 | D:1      | Reached XP level 3. HP: 25/25 MP: 3/3
   839 | D:1      | Found a glowing golden altar of the Shining One.
  1014 | D:2      | Found a shattered altar of Ashenzari.
  1065 | D:2      | Found a snail-covered altar of Cheibriados.
  1158 | D:2      | Found an iron altar of Okawaru.
  1158 | D:2      | Found an opulent altar of Gozag.
  1159 | D:2      | Found a burning altar of Makhleb.
  1238 | D:2      | Became a worshipper of Warmaster Okawaru
  1238 | D:2      | Reached * piety under Okawaru
  1238 | D:2      | Reached ** piety under Okawaru
  1552 | D:2      | Reached XP level 4. HP: 16/30 MP: 4/4
  1735 | D:2      | Reached skill level 1 in Armour
  2053 | D:3      | Found a stormy altar of Qazlal.
  2106 | D:3      | Reached XP level 5. HP: 28/36 MP: 5/5
  2122 | D:3      | Reached skill level 5 in Dodging
  2645 | D:3      | Reached skill level 1 in Slings
  2670 | D:3      | Reached XP level 6. HP: 41/42 MP: 6/6
  2758 | D:3      | Found an ancient bone altar of Kikubaaqudgha.
  2777 | D:3      | Reached skill level 2 in Slings
  2916 | D:4      | Found a runed door.
  2974 | D:4      | Noticed an ogre
  2981 | D:4      | Killed an ogre
  2981 | D:4      | Reached skill level 3 in Slings
  3136 | D:4      | Reached XP level 7. HP: 45/47 MP: 7/7
  3203 | D:4      | Reached skill level 4 in Slings
  3385 | D:4      | Reached *** piety under Okawaru
  3450 | D:4      | Reached skill level 5 in Slings
  4239 | D:4      | Reached XP level 8. HP: 38/54 MP: 8/8
  4243 | D:4      | Reached skill level 6 in Slings
  4675 | D:5      | Entered Level 5 of the Dungeon
  4886 | D:5      | Reached skill level 7 in Slings
  5387 | D:5      | Found a shadowy altar of Dithmenos.
  5540 | D:5      | Reached **** piety under Okawaru
  5540 | D:5      | Reached skill level 8 in Slings
  5540 | D:5      | Reached skill level 5 in Armour
  5540 | D:5      | Reached XP level 9. HP: 53/58 MP: 9/9
  5592 | D:5      | Noticed Menkaure
  5647 | D:6      | Found a staircase to the Ecumenical Temple.
  5653 | D:6      | Found a snail-covered altar of Cheibriados.
  5653 | D:6      | Found a shimmering altar of Xom.
  5653 | D:6      | Found an iron altar of Okawaru.
  5653 | D:6      | Found a radiant altar of Vehumet.
  5654 | D:6      | Found a shimmering altar of Xom.
  5654 | D:6      | Found an iron altar of Okawaru.
  5655 | D:6      | Found a shimmering altar of Xom.
  5655 | D:6      | Found a hide-covered altar of Uskayaw.
  5655 | D:6      | Found a stormy altar of Qazlal.
  5655 | D:6      | Found a basalt altar of Yredelemnul.
  5655 | D:6      | Found a shattered altar of Ashenzari.
  5655 | D:6      | Found a hazy altar of Hepliaklqana.
  5660 | Temple   | Entered the Ecumenical Temple
  6255 | D:6      | Reached skill level 5 in Long Blades
  6402 | D:6      | Reached skill level 9 in Slings
  6818 | D:6      | Noticed Sigmund
  6840 | D:6      | Killed Sigmund
  7022 | D:7      | Noticed Joseph
  7050 | D:7      | Killed Joseph
  7050 | D:7      | Received a gift from Okawaru
  7050 | D:7      | Reached skill level 10 in Slings
  7333 | D:7      | Noticed a hippogriff
  7362 | D:7      | Killed a hippogriff
  7413 | D:7      | Found a sparkling altar of Nemelex Xobeh.
  7492 | D:7      | Noticed Dowan
  7493 | D:7      | Noticed Duvessa
  7532 | D:7      | Killed Duvessa
  7532 | D:7      | Reached ***** piety under Okawaru
  7532 | D:7      | Reached XP level 10. HP: 51/63 MP: 7/10
  7557 | D:6      | Reached skill level 11 in Slings
  7564 | D:6      | Received a gift from Okawaru
  7567 | D:6      | Got an ancient hunting sling {god gift}
  7568 | D:6      | Identified the +5 hunting sling of the Whelk {velocity, rElec Int+3 Stlth-} (Okawaru gifted it to you on level 6 of the Dungeon)
  7847 | D:7      | Killed Dowan
  8532 | D:8      | Reached skill level 12 in Slings
  9309 | D:9      | Found a staircase to the Orcish Mines.
  9576 | D:8      | Reached skill level 1 in Invocations
 10121 | D:9      | Reached skill level 13 in Slings
 10247 | D:8      | Reached XP level 11. HP: 25/69 MP: 12/12
 11317 | D:9      | Got a twisted spear
 11318 | D:9      | Identified the +11 spear of the Saviour {speed, rF- MR+ Dex+3} (You found it on level 9 of the Dungeon)
 11507 | D:9      | Received a gift from Okawaru
 11550 | D:9      | Reached skill level 1 in Polearms
 11561 | D:9      | Reached skill level 1 in Shields
 11649 | D:9      | Found a runed door.
 12170 | D:9      | Received a gift from Okawaru
 12187 | D:10     | Entered Level 10 of the Dungeon
 12356 | D:10     | Noticed a hill giant
 12365 | D:10     | Killed a hill giant
 12405 | D:10     | Reached skill level 5 in Shields
 12603 | D:10     | Learned a level 2 spell: Song of Slaying
 12666 | D:10     | Noticed a hill giant
 12678 | D:10     | Received a gift from Okawaru
 12681 | D:10     | Killed a hill giant
 12681 | D:10     | Reached skill level 1 in Charms
 12702 | D:10     | Learned a level 3 spell: Regeneration
 12785 | D:11     | Noticed Grum
 12813 | D:10     | Killed Grum
 12849 | D:11     | Received a gift from Okawaru
 12866 | D:11     | Noticed a brown ugly thing
 13395 | D:11     | Found a staircase to the Lair.
 13407 | D:11     | Reached XP level 12. HP: 74/74 MP: 14/14
 13430 | D:11     | Reached skill level 5 in Charms
 13485 | Lair:1   | Entered Level 1 of the Lair of Beasts
 13492 | Lair:1   | Noticed Alarkh's ghost (novice DsMo)
 13515 | Lair:1   | Killed Alarkh's ghost
 13783 | Lair:1   | Reached ****** piety under Okawaru
 13783 | Lair:1   | Reached skill level 14 in Slings
 13844 | Lair:1   | Received a gift from Okawaru
 13894 | Lair:1   | Reached skill level 10 in Dodging
 13955 | Lair:1   | Received a gift from Okawaru
 13984 | Lair:1   | Got a pair of faintly glowing boots {god gift}
 13990 | Lair:1   | Identified the +1 pair of boots of the Farrier {Str+6 Int+6} (Okawaru gifted it to you on level 1 of the Lair of Beasts)
 14477 | Lair:1   | Noticed a catoblepas
 14494 | Lair:1   | Killed a catoblepas
 14781 | Lair:2   | Identified a +0 rod of clouds (11/11) (You found it on level 7 of the Dungeon)
 14829 | Lair:2   | Reached skill level 5 in Fighting
 15196 | Lair:2   | Found a staircase to the Shoals.
 15647 | Lair:3   | Reached XP level 13. HP: 81/81 MP: 15/15
 15732 | Lair:3   | Found a staircase to the Snake Pit.
 15932 | Lair:3   | Reached skill level 15 in Slings
 16405 | Lair:3   | Reached skill level 1 in Necromancy
 16599 | Lair:4   | Received a gift from Okawaru
 16756 | Lair:4   | Reached skill level 5 in Invocations
 16829 | Lair:4   | Received a gift from Okawaru
 17080 | Lair:4   | Noticed a seven-headed hydra
 17108 | Lair:4   | Killed a seven-headed hydra
 17227 | Lair:4   | Received a gift from Okawaru
 17238 | Lair:4   | Got a pair of brightly glowing boots {god gift}
 17255 | Lair:4   | Identified the +0 pair of boots of Resonance {Int+4} (Okawaru gifted it to you on level 4 of the Lair of Beasts)
 19023 | Lair:5   | Found a staircase to the Slime Pits.
 19365 | Lair:5   | Reached XP level 14. HP: 80/92 MP: 19/19
 19539 | Lair:6   | Entered Level 6 of the Lair of Beasts
 20226 | Lair:6   | Received a gift from Okawaru
 20357 | Lair:6   | Received a gift from Okawaru
 21439 | Lair:5   | Reached skill level 10 in Shields
 21965 | D:11     | Received a gift from Okawaru
 21981 | D:11     | Got a polished ring mail {god gift}
 21992 | D:11     | Identified the +0 ring mail of Least Resistance {rElec} (Okawaru gifted it to you on level 11 of the Dungeon)
 22179 | D:12     | Noticed Psyche
 22187 | D:12     | Killed Psyche
 22320 | Orc:1    | Entered Level 1 of the Orcish Mines
 22649 | Orc:2    | Entered Level 2 of the Orcish Mines
 23074 | Orc:2    | Found Jumoucio's Antique Weapon Boutique.
 23398 | Orc:2    | Noticed a stone giant
 23409 | Orc:2    | Killed a stone giant
 23477 | Orc:1    | Noticed a stone giant
 23553 | Orc:2    | Found a staircase to the Elven Halls.
 23647 | Orc:2    | Reached XP level 15. HP: 101/101 MP: 18/21
 23707 | Orc:2    | Found Zafir Ipn's Magic Scroll Shoppe.
 23781 | Orc:2    | Found an ancient bone altar of Kikubaaqudgha.
 23786 | Orc:2    | Reached skill level 16 in Slings
 23809 | Orc:2    | Found Curghoyj's Book Emporium.
 23846 | Orc:2    | Found a radiant altar of Vehumet.
 23952 | Orc:2    | Found a roughly hewn altar of Beogh.
 23952 | Orc:2    | Found Vitreatu's Antique Armour Shoppe.
 23980 | Orc:2    | Found Ihier's Antique Weapon Shoppe.
 24018 | Orc:2    | Bought a pitted helmet for 304 gold pieces
 24034 | Orc:2    | Identified the +2 helmet "Jeleripo" {rC+ rCorr Dex+6} (You bought it in a shop on level 2 of the Orcish Mines)
 24733 | Orc:2    | Killed a stone giant
 25352 | Orc:2    | Bought a book of Spatial Translocations for 845 gold pieces
 25363 | Orc:2    | Learned a level 3 spell: Portal Projectile
 25368 | Orc:2    | Learned a level 2 spell: Shroud of Golubria
 25371 | Orc:2    | Learned a level 2 spell: Blink
 25645 | D:12     | Found Mipium's Assorted Antiques.
 25648 | D:12     | Found Kitidef's Jewellery Emporium.
 25653 | D:12     | Bought a potion of haste for 280 gold pieces
 25732 | D:12     | Noticed Urug
 25757 | D:12     | Killed Urug
 25757 | D:12     | Reached skill level 1 in Translocations
 25986 | D:12     | Found a bloodstained altar of Trog.
 26089 | D:12     | Found Mirah's Book Shoppe.
 26169 | D:12     | Found Ora Vuxi's Armour Boutique.
 26175 | D:12     | Bought a +2 pair of gloves of dexterity for 236 gold pieces
 26644 | D:13     | Noticed Kirke
 26653 | D:13     | Noticed a sphinx
 26661 | D:13     | Killed Kirke
 26661 | D:13     | Received a gift from Okawaru
 26666 | D:13     | Reached skill level 5 in Translocations
 27376 | D:13     | Identified Kuetoss's Guide on Transmutation and Poisoning
 28601 | D:14     | Found a gate to the Vaults.
 29066 | D:15     | Entered Level 15 of the Dungeon
 29113 | D:15     | Found a staircase to the Depths.
 29113 | D:15     | Noticed a fire giant
 29153 | D:15     | Killed a fire giant
 29153 | D:15     | Reached XP level 16. HP: 52/109 MP: 2/22
 29405 | D:14     | Reached skill level 1 in Spellcasting
 29718 | D:15     | Received a gift from Okawaru
 30371 | D:15     | Received a gift from Okawaru
 30648 | D:15     | Gained mutation: Scrolls take you a little longer to read. [a shining eye]
 30650 | D:15     | Lost mutation: Scrolls take you a little longer to read. [potion of cure mutation]
 30820 | D:15     | Received a gift from Okawaru
 30871 | D:15     | Found a blossoming altar of Fedhas.
 31565 | Snake:1  | Entered Level 1 of the Snake Pit
 32965 | Snake:1  | Learned a level 3 spell: Spectral Weapon
 32994 | Snake:2  | Noticed Asterion
 33097 | Snake:2  | Gained mutation: You have a pair of small antennae on your head. [a cacodemon]
 33244 | Snake:2  | Reached skill level 5 in Necromancy
 33319 | Snake:2  | Noticed an Executioner
 33407 | Snake:2  | Lost mutation: You have a pair of small antennae on your head. [potion of cure mutation]
 33802 | Snake:2  | Received a gift from Okawaru
 33866 | Snake:3  | Reached XP level 17. HP: 81/114 MP: 19/24
 33886 | Snake:3  | Reached skill level 5 in Spellcasting
 34067 | Snake:3  | Noticed Aizul
 34079 | Snake:3  | Killed Aizul
 34182 | Snake:3  | Reached skill level 10 in Charms
 34257 | Snake:3  | Received a gift from Okawaru
 34333 | Snake:3  | Found Ulethrewn's Book Shoppe.
 34538 | Snake:3  | Reached skill level 10 in Armour
 34755 | Snake:3  | Reached skill level 10 in Fighting
 35054 | Snake:3  | Bought a book of Enchantments for 800 gold pieces
 35060 | Snake:3  | Learned a level 5 spell: Silence
 35083 | Snake:3  | Learned a level 6 spell: Deflect Missiles
 35249 | Snake:4  | Entered Level 4 of the Snake Pit
 35553 | Snake:4  | Noticed Zargon's ghost (adept TeAE)
 35563 | Snake:4  | Reached skill level 17 in Slings
 36570 | Snake:4  | Received a gift from Okawaru
 36764 | Snake:4  | Killed Zargon's ghost
 37340 | Snake:4  | Reached skill level 10 in Translocations
 37843 | Snake:4  | Reached skill level 1 in Hexes
 37843 | Snake:4  | Reached skill level 1 in Air Magic
 37859 | Snake:4  | Reached XP level 18. HP: 120/120 MP: 8/25
 38390 | Snake:4  | Got a serpentine rune of Zot
 38713 | Lair:2   | Reached skill level 18 in Slings
 38743 | Shoals:1 | Entered Level 1 of the Shoals
 38930 | Shoals:1 | Received a gift from Okawaru
 39872 | Shoals:2 | Noticed Jorgrun
 40099 | Shoals:1 | Reached skill level 5 in Air Magic
 40242 | Shoals:1 | Killed Jorgrun
 40506 | Shoals:2 | Noticed Louise
 40521 | Shoals:2 | Killed Louise
 40700 | Shoals:2 | Reached skill level 5 in Hexes
 40875 | Shoals:2 | Found Boligrin's Assorted Antiques.
 41277 | Shoals:2 | Identified 2 scrolls of acquirement
 41449 | Shoals:3 | Received a gift from Okawaru
 41649 | Shoals:3 | Reached XP level 19. HP: 126/126 MP: 19/26
 42161 | Shoals:4 | Entered Level 4 of the Shoals
 42460 | Shoals:4 | Noticed Bai Suzhen
 42615 | Shoals:4 | Noticed Polyphemus
 43364 | Shoals:3 | Killed Bai Suzhen
 43364 | Shoals:3 | Received a gift from Okawaru
 43372 | Shoals:3 | Got a slimy chain mail {god gift}
 43383 | Shoals:3 | Identified the +6 chain mail "Jetudiytin" {Stlth+} (Okawaru gifted it to you on level 3 of the Shoals)
 43519 | Shoals:4 | Noticed Ilsuiw
 43722 | Shoals:4 | Killed Polyphemus
 44056 | Shoals:4 | Got a barnacled rune of Zot
 44090 | Shoals:4 | Reached skill level 19 in Slings
 44222 | Shoals:4 | Noticed Roxanne
 45907 | Vaults:1 | Entered Level 1 of the Vaults
 45932 | Vaults:1 | Reached XP level 20. HP: 121/132 MP: 6/27
 45945 | Vaults:1 | Received a gift from Okawaru
 46264 | Vaults:1 | Received a gift from Okawaru
 46264 | Vaults:1 | Reached skill level 10 in Air Magic
 46487 | Vaults:1 | Paralysed by an ogre mage for 3 turns
 46515 | Vaults:1 | Received a gift from Okawaru
 47368 | Vaults:1 | Received a gift from Okawaru
 47471 | D:12     | Bought an uncursed amulet of magic regeneration for 540 gold pieces
 48343 | Vaults:1 | Received a gift from Okawaru
 49175 | Vaults:2 | Received a gift from Okawaru
 49302 | Vaults:2 | Reached skill level 20 in Slings
 49365 | Vaults:2 | Reached XP level 21. HP: 137/137 MP: 19/28
 49675 | Vaults:2 | Noticed Mennas
 49931 | Vaults:2 | Received a gift from Okawaru
 49932 | Vaults:2 | Reached skill level 10 in Hexes
 50330 | Vaults:3 | Reached skill level 5 in Stealth
 50860 | Vaults:3 | Reached skill level 10 in Stealth
 50958 | Vaults:3 | Received a gift from Okawaru
 51317 | Vaults:2 | Killed from afar by a vampire knight

Skill      XL: |  1  2  3  4  5  6  7  8  9 10 11 12 13 14 15 16 17 18 19 20 21 |
---------------+----------------------------------------------------------------+-----
Dodging        | 4 5 6 8 9 10 11 12 | 12.3
Armour         | 1 2 3 5 6 8 9 11 12 13 | 13.9
Fighting       | 3 4 5 7 9 10 | 10.0
Slings         | 1 3 5 8 10 13 14 15 16 17 18 19 20 | 20.1
Long Blades    | 4 5 6 7 |  7.3
Invocations    | 2 3 7 8 |  8.7
Polearms       | 1 |  1.5
Shields        | 6 7 10 11 | 11.6
Charms         | 4 6 9 10 | 10.4
Necromancy     | 1 5 |  5.6
Translocations | 9 10 | 10.1
Spellcasting   | 4 5 |  5.0
Hexes          | 1 5 7 9 10 | 10.1
Air Magic      | 1 7 9 11 12 | 12.1
Stealth        | 10 | 10.7

Action                   |  1- 3 |  4- 6 |  7- 9 | 10-12 | 13-15 | 16-18 | 19-21 || total
-------------------------+-------+-------+-------+-------+-------+-------+-------++-------
Melee: Falchion          |    54 |       |       |       |       |       |       ||    54
       Whip              |    39 |   102 |    46 |       |       |       |       ||   187
       Dagger            |       |       |   209 |   312 |       |       |       ||   521
       Hunting sling     |       |       |     3 |       |     1 |       |       ||     4
       Punch             |       |       |     2 |     1 |       |       |       ||     3
       Spear             |       |       |       |   152 |   215 |    47 |     3 ||   417
       Scimitar          |       |       |       |       |     5 |    10 |       ||    15
       Fustibalus        |       |       |       |       |       |     1 |     3 ||     4
 Fire: Hunting sling     |       |    61 |   247 |   591 |  1659 |   152 |       ||  2710
       Fustibalus        |       |       |       |       |       |  1184 |  1536 ||  2720
Throw: Stone             |     6 |       |       |       |       |       |       ||     6
 Cast: Portal Projectile |       |       |       |       |     2 |   161 |   123 ||   286
       Blink             |       |       |       |       |       |     4 |     1 ||     5
       Regeneration      |       |       |       |       |       |    22 |    42 ||    64
       Song of Slaying   |       |       |       |       |       |     1 |       ||     1
       Silence           |       |       |       |       |       |       |     1 ||     1
Invok: Heroism           |       |     1 |     5 |     7 |    28 |    22 |    36 ||    99
       Finesse           |       |       |       |       |       |     2 |       ||     2
 Abil: Evoke Flight      |       |       |       |       |     1 |     3 |    18 ||    22
Evoke: Wand              |       |       |     3 |       |     3 |     1 |     7 ||    14
       Phial of floods   |       |       |       |       |       |       |     1 ||     1
  Use: Scroll            |       |     3 |    10 |    12 |    11 |    20 |    11 ||    67
       Potion            |       |       |     4 |     2 |     2 |     6 |     2 ||    16
 Stab: Sleeping          |     9 |     1 |       |       |       |       |       ||    10
       Distracted        |       |     1 |       |       |       |       |       ||     1
       Paralysed         |       |       |     1 |       |       |       |       ||     1
  Eat: Chunk             |     1 |     6 |     9 |    19 |    31 |    20 |    28 ||   114
       Pizza             |       |       |     2 |     2 |     1 |     2 |       ||     7
       Fruit             |       |       |     2 |     2 |     4 |    24 |     2 ||    34
       Beef jerky        |       |       |       |     2 |     2 |     1 |       ||     5
       Royal jelly       |       |       |       |       |       |     3 |     1 ||     4
       Meat ration       |       |       |       |       |       |     1 |     3 ||     4
Armor: Robe              |     9 |     4 |       |       |       |       |       ||    13
       Ring mail         |       |    19 |    53 |    85 |       |       |       ||   157
       Chain mail        |       |       |       |     6 |   169 |   168 |   266 ||   609
Dodge: Dodged            |    70 |    94 |   185 |   487 |   403 |   430 |   679 ||  2348
Block: Buckler           |       |       |       |    54 |   105 |   353 |   567 ||  1079
       Shield            |       |       |       |       |   327 |       |       ||   327
       Rpst.: Falchion   |    17 |       |       |       |       |       |       ||    17
       Scimitar          |       |       |       |       |       |     1 |       ||     1
